 Dungeon Crawl Stone Soup version 0.19.0-9-gfd783f2 (webtiles) character file.

1208 tv1990 the Quickloader (level 8, -20/81 HPs)
             Began as a Formicid Arcane Marksman on Nov 7, 2016.
             Was a Follower of Okawaru.
             Killed from afar by a gargoyle (26 damage)
             ... with a stone arrow
             ... on level 13 of the Dungeon.
             The game lasted 00:15:25 (5463 turns).

tv1990 the Quickloader (Formicid Arcane Marksman)   Turns: 5463, Time: 00:15:26

Health: -20/81     AC: 24    Str: 16    XL:     8   Next: 73%
Magic:  0/18       EV:  2    Int: 13    God:    Okawaru [*.....]
Gold:   205        SH:  5    Dex: 12    Spells: 1 memorised, 8 levels left

rFire  . . .     SeeInvis .     k - +0 spear
rCold  . . .     Gourm    .     (armour currently unavailable)
rNeg   + + +     Faith    .     A - +1 buckler
rPois  +         Spirit   +     (helmet unavailable)
rElec  .         Reflect  .     (cloak currently unavailable)
rCorr  .         Harm     .     (gloves currently unavailable)
MR     .....                    (boots currently unavailable)
Stlth  +.........               n - amulet of guardian spirit
                                i - ring of magical power
                                C - +4 ring of evasion

@: tree-form (expiring)
A: permanent stasis, dig shafts and tunnels, four strong arms, (antennae 0),
wild magic 1
a: Heroism, Renounce Religion


You were on level 13 of the Dungeon.
You worshipped Okawaru.
Okawaru was aware of your devotion.
You were not hungry.
You were a tree.
You visited 2 branches of the dungeon, and saw 8 of its levels.

You collected 205 gold pieces.

Inventory:

Hand Weapons
 a - a +0 hand crossbow
 k - a +0 spear (weapon)
Armour
 e - a +0 robe
 p - a +0 chain mail (melded)
 A - a +1 buckler (worn)
Jewellery
 i - a ring of magical power (right branch)
 n - an amulet of guardian spirit (around neck)
 w - an uncursed ring of protection from cold
 y - an uncursed ring of fire
 C - a +4 ring of evasion (left branch)
Scrolls
 b - 2 scrolls of enchant armour
 h - a scroll of magic mapping {unknown}
 r - a scroll of acquirement {unknown}
 u - a scroll of immolation
Potions
 g - a potion of mutation
 l - a potion of brilliance {unknown}
Books
 c - a book of Debilitation

   Spells                             Type                      Level
   a - Corona                         Hexes                        1
   b - Slow                           Hexes                        2
   c - Gell's Gravitas                Hexes/Translocation          3
   d - Inner Flame                    Hexes/Fire                   3
   e - Cause Fear                     Hexes                        4
   f - Leda's Liquefaction            Hexes/Earth                  4
 j - a book of Conjurations

   Spells                             Type                      Level
   a - Magic Dart                     Conjuration                  1
   b - Searing Ray                    Conjuration                  2
   c - Dazzling Spray                 Conjuration/Hexes            3
   d - Fulminant Prism                Conjuration/Hexes            4
   e - Iskenderun's Mystic Blast      Conjuration                  4
   f - Iskenderun's Battlesphere      Conjuration/Charms           5
 v - a book of Cantrips

   Spells                             Type                      Level
   a - Confusing Touch                Hexes                        1
   b - Animate Skeleton               Necromancy                   1
   c - Summon Small Mammal            Summoning                    1
   d - Apportation                    Translocation                1
Comestibles
 d - a royal jelly
 f - 4 bread rations
 m - 2 meat rations


   Skills:
 - Level 1.1 Fighting
 + Level 9.7 Crossbows
 - Level 1.7 Dodging
 - Level 2.6 Shields
 - Level 1.1 Spellcasting
 - Level 3.6 Hexes


You had 8 spell levels left.
You knew the following spells:

 Your Spells              Type           Power        Failure   Level  Hunger
a - Corona                Hex            ##.....      14%         1    ##.....


Dungeon Overview and Level Annotations

Branches:
Dungeon (7/15)             Temple (1/1) D:4

Altars:
Ashenzari
Dithmenos
Elyvilon
Fedhas
Gozag
Hepliaklqana
Kikubaaqudgha
Okawaru
Qazlal
Ru
Trog
Vehumet
Xom
Zin
The Shining One

Annotations:
D:3 exclusion: oklob plant
D:4 Grinder


Innate Abilities, Weirdness & Mutations

You are under a permanent stasis effect.
You can dig through walls and to a lower floor.
Your four strong arms can wield two-handed weapons with a shield.
((You have a pair of large antennae on your head. (SInv)))
Your spells are a little harder to cast, but a little more powerful.


Message History

The gargoyle hits you with an enchanted morningstar.
* * * LOW HITPOINT WARNING * * *
You completely miss the gargoyle. The gargoyle completely misses you.
You hit the gargoyle but do no damage.
The gargoyle hurls a stone arrow at you.
Helpless, you fail to dodge the stone arrow.
* * * LOW HITPOINT WARNING * * *
You hit the gargoyle but do no damage.
The gargoyle hits you with an enchanted morningstar!
* * * LOW HITPOINT WARNING * * *
You barely miss the gargoyle.
The gargoyle hits you with an enchanted morningstar.
* * * LOW HITPOINT WARNING * * *
You hit the gargoyle but do no damage.
The gargoyle hits you with an enchanted morningstar.
* * * LOW HITPOINT WARNING * * *
You closely miss the gargoyle.
The gargoyle hurls a stone arrow at you.
The stone arrow hits you!
You die...

{ . .#### .... #..
#####.#
#♣#.#.####...
##9#.....$...
######.#########
.......[........# .
###########.###.#..
#.####?Z.. #######
#####....Z....
#.....#
#....$........
#.###.# {
###.###9#####.##


You could see a gargoyle.

Vanquished Creatures
  A centaur zombie (D:13)
  2 necrophages (D:7)
  5 big kobolds (D:3)
  A bullfrog (D:7)
  A wight (D:7)
  2 bullfrog zombies
  An orc wizard (D:3)
  An orc priest (D:3)
  4 adders
  2 worms
  2 dart slugs (D:1)
  5 leopard geckos
  4 orcs
  4 bats
  4 giant cockroaches
  14 hobgoblins
  3 jackals (D:3)
  A quokka (D:2)
  A ball python (D:2)
  3 frilled lizards
  7 goblins
  44 kobolds
  5 rats
117 creatures vanquished.

Vanquished Creatures (others)
  2 bats (D:3)
  A kobold (D:3)
  20 toadstools (D:3)
23 creatures vanquished.

Grand Total: 140 creatures vanquished

Notes
Turn   | Place    | Note
-------+----------+-------------------------------------------
     0 | D:1      | tv1990 the Formicid Arcane Marksman began the quest for the Orb.
     0 | D:1      | Reached XP level 1. HP: 15/15 MP: 2/2
   126 | D:1      | Reached XP level 2. HP: 21/21 MP: 3/3
   291 | D:1      | Reached skill level 3 in Crossbows
   508 | D:1      | Reached XP level 3. HP: 25/26 MP: 4/4
  1132 | D:2      | Found a white marble altar of Elyvilon.
  1208 | D:2      | Reached skill level 4 in Crossbows
  1208 | D:2      | Reached XP level 4. HP: 31/32 MP: 5/5
  1387 | D:2      | Found a stormy altar of Qazlal.
  2055 | D:3      | Found a faded altar of an unknown god.
  2193 | D:3      | Noticed a big kobold
  2229 | D:3      | Killed a big kobold
  2229 | D:3      | Reached skill level 5 in Crossbows
  2229 | D:3      | Reached XP level 5. HP: 27/37 MP: 6/6
  2409 | D:3      | Noticed a big kobold
  2486 | D:3      | Killed a big kobold
  2486 | D:3      | Reached skill level 6 in Crossbows
  2486 | D:3      | Reached XP level 6. HP: 37/43 MP: 7/7
  2690 | D:3      | Reached skill level 1 in Shields
  2922 | D:3      | Found a blossoming altar of Fedhas.
  2943 | D:3      | Noticed an oklob plant
  3047 | D:3      | Found a radiant altar of Vehumet.
  3431 | D:3      | Reached XP level 7. HP: 45/48 MP: 8/8
  3526 | D:3      | Reached skill level 7 in Crossbows
  4209 | D:4      | Found a staircase to the Ecumenical Temple.
  4226 | Temple   | Entered the Ecumenical Temple
  4375 | D:4      | Noticed Grinder
  4400 | D:4      | Gained mutation: Your spells are a little harder to cast, but a little more powerful. [potion of beneficial mutation]
  4403 | D:4      | You fall through a shaft for 3 floors!
  4436 | D:7      | Reached skill level 8 in Crossbows
  4436 | D:7      | Reached XP level 8. HP: 34/53 MP: 7/9
  4453 | D:7      | Found an iron altar of Okawaru.
  4478 | D:7      | Became a worshipper of Warmaster Okawaru
  4864 | D:7      | You fall through a shaft for 3 floors!
  4864 | D:10     | Entered Level 10 of the Dungeon
  5015 | D:10     | You fall through a shaft for 3 floors!
  5334 | D:13     | Noticed a gargoyle
  5453 | D:13     | Reached * piety under Okawaru
  5453 | D:13     | Reached skill level 9 in Crossbows
  5463 | D:13     | Killed from afar by a gargoyle

Skill      XL: |  1  2  3  4  5  6  7  8 |
---------------+-------------------------+-----
Crossbows      | 3 4 5 6 8 9 |  9.7
Shields        | 2 |  2.6
Fighting       | |  1.1
Dodging        | |  1.7
Spellcasting   | |  1.1
Hexes          | |  3.6

Action                   |  1- 3 |  4- 6 |  7- 9 || total
-------------------------+-------+-------+-------++-------
Melee: Spear             |    74 |   375 |   308 ||   757
 Fire: Hand crossbow     |    13 |    28 |    39 ||    80
 Abil: Dig               |       |     2 |     7 ||     9
       Shaft Self        |       |       |     3 ||     3
  Use: Scroll            |       |       |    10 ||    10
       Potion            |       |       |     5 ||     5
 Stab: Sleeping          |     2 |       |       ||     2
  Eat: Chunk             |     1 |     7 |     3 ||    11
       Meat ration       |       |       |     2 ||     2
Armor: Robe              |     4 |       |       ||     4
       Chain mail        |    19 |   245 |   120 ||   384
       Skin              |       |       |    21 ||    21
Dodge: Dodged            |    22 |   151 |   107 ||   280
Block: Buckler           |       |       |    46 ||    46

Table legend:
 A = Turns spent in this place as a percentage of turns spent in the entire game.
 B = Non-inter-level travel turns spent in this place as a percentage of non-inter-level travel turns spent in the entire game.
 C = Inter-level travel turns spent in this place as a percentage of turns spent in this place.
 D = Turns resting spent in this place as a percentage of non-inter-level travel turns spent in this place.
 E = Turns spent auto-exploring this place as a percentage of non-inter-level travel turns spent in this place.
 F = Non-inter-level travel turns spent in this place divided by the number of levels of this place that you've seen.
                   A       B       C       D       E      F
               +-------+-------+-------+-------+-------+----------------------
         Total | 100.0 | 100.0 |   0.3 |   1.8 |  10.5 | 223.4
       Dungeon |  97.8 |  97.8 |   0.3 |   1.8 |  10.3 | 249.6
        Temple |   2.2 |   2.2 |   0.0 |   0.0 |  17.5 |  40.0
               +-------+-------+-------+-------+-------+----------------------

Table legend:
 A = Kills in this place as a percentage of kills in entire the game.
 B = Kills by you in this place as a percentage of kills by you in the entire game.
 C = Kills by friends in this place as a percentage of kills by friends in the entire game.
 D = Other kills in this place as a percentage of other kills in the entire game.
 E = Experience gained in this place as a percentage of experience gained in the entire game.
 F = Experience gained in this place divided by the number of levels of this place that you have seen.
                   A       B       C       D       E      F
               +-------+-------+-------+-------+-------+----------------------
         Total | 100.0 | 100.0 |  -nan |  -nan | 100.0 | 215.8
       Dungeon | 100.0 | 100.0 |  -nan |  -nan | 100.0 | 246.6
               +-------+-------+-------+-------+-------+----------------------

Vault maps used:
D:1:      dpeg_arrival_tiny_k
D:2:      elyvilon_altar_1, nicolae_qazlal_eye_of_the_storm
D:3:      minmay_goblin_kobold_castle, fiery_altar_vehumet, tgw_fedhas,
          ecumenical_altar_2
D:4:      nemelex_xobeh_ov_fountains_minmay, makhleb_grotto_becter,
          portal_sewer_entry_b, uniq_duvessa, uniq_edmund, uniq_grinder
D:7:      kennysheep_okawaru_gauntlet, serial_undead, serial_undead_c,
          serial_undead_a, serial_undead_c, serial_undead_b
D:10:     hangedman_stone_soup, uniq_sonja
D:13:     david_vaults_5
Temple:   zaba_magenta_temple
